 Dungeon Crawl Stone Soup version 0.31.0-9-g3a7656b989 (webtiles) character file.

Game seed: 17699173867850118306

196 mdonais the Sneak (level 6, 0/49 HPs)
             Began as a Formicid Delver on Jan 25, 2024.
             Was a Believer of Nemelex Xobeh.
             Slain by an orc
             ... wielding a +0 trident
              (9 damage)
             ... on level 3 of the Dungeon.
             The game lasted 00:10:14 (2669 turns).

mdonais the Sneak (Formicid Delver)                 Turns: 2669, Time: 00:10:15

Health: 0/49       AC:  3    Str: 19    XL:     6   Next: 4%
Magic:  7/7        EV: 12    Int:  9    God:    Nemelex Xobeh [**....]
Gold:   201        SH:  0    Dex: 15    Spells: 5/5 levels left

rFire   . . .        a - +3 mace
rCold   . . .        (no shield)
rNeg    . . .        k - +0 leather armour
rPois   .            (helmet unavailable)
rElec   .            (no cloak)
rCorr   .            (no gloves)
SInv    +            (no boots)
Will    .....        (no amulet)
Stlth   +++          (no ring)
HPRegen 0.28/turn    (no ring)
MPRegen 0.10/turn

%: no passive effects
@: no status effects
A: permanent stasis, dig shafts and tunnels, antennae 3, four strong arms
a: Dig, Shaft Self, Renounce Religion, Draw Escape, Draw Destruction, Draw
Summoning


You were on level 3 of the Dungeon.
You worshipped Nemelex Xobeh.
Nemelex Xobeh was pleased with you.
You visited 1 branch of the dungeon, and saw 5 of its levels.

You collected 201 gold pieces.

Inventory:

Hand Weapons
 a - a +3 mace (weapon)
   (You found it on level 2 of the Dungeon)
 b - a +0 sling
   (You found it on level 1 of the Dungeon)
 m - a +1 hand axe of distortion
   (You found it on level 2 of the Dungeon)
Missiles
 t - 3 boomerangs
Armour
 f - a +0 ring mail
   (You found it on level 5 of the Dungeon)
 g - a +0 plate armour
   (You found it on level 1 of the Dungeon)
 k - a +0 leather armour (worn)
Wands
 D - a wand of digging (2)
Scrolls
 c - a scroll of fog
 d - 2 scrolls of identify {unknown}
 e - a scroll of fear
 h - a scroll of revelation
 i - 2 scrolls of amnesia {unknown}
 n - a scroll of enchant weapon {unknown}
 o - a scroll of blinking {unknown}
Potions
 j - a potion of ambrosia {unknown}
 l - a potion of attraction {unknown}
 p - a potion of invisibility {unknown}


   Skills:
 + Level 4.6 Fighting
 * Level 4.3 Maces & Flails
 - Level 1.7 Dodging
 - Level 6.0 Stealth
 + Level 2.5 Invocations


You had 5 spell levels left.
You didn't know any spells.
Your spell library was empty.

Dungeon Overview and Level Annotations

Branches:
Dungeon (5/15) Zot: 24770
 Temple: D:4-7

Altars:
Nemelex Xobeh

Annotations:
D:4 exclusion: 2 sensed monsters (detected)
D:5 exclusions: howler monkey and 2 sensed monsters (detected)


Innate Abilities, Weirdness & Mutations

You cannot be hasted, slowed, berserked, paralysed or teleported.
You can dig through walls and to a lower floor.
You have a pair of large antennae on your head. (SInv)
Your four strong arms can wield two-handed weapons with a shield.


Message History

You kill the kobold!
You closely miss the rat. The rat bites you but does no damage.
You hit the rat.
You kill the rat!
No target in view!
i - 2 scrolls labelled JIMIJU KIUSUT (gained 1)
Things that are here:
a +0 whip; a kobold corpse
Found 5 stones.
You now have 175 gold pieces (gained 13).
You now have 184 gold pieces (gained 9).
p - a golden potion You now have 201 gold pieces (gained 17).
There are monsters nearby!
The goblin shouts!
You hit the goblin.
The goblin is severely wounded.
The goblin closely misses you.
You hit the goblin.
You kill the goblin!
You see here a +0 club.
You enter the shallow water.
Moving in this stuff is going to be slow.
An adder is nearby!
b - a +0 sling (weapon)
No target in view!
What are your orders? t - Shout!
Orders for allies: a - Attack new target. r - Retreat! s - Stop attacking. g - Guard the area. f - Follow me.
Anything else - Cancel.
You shout for attention!
What are your orders? t - Shout!
Orders for allies: a - Attack new target. r - Retreat! s - Stop attacking. g - Guard the area. f - Follow me.
Anything else - Cancel.
You shout for attention!
What are your orders? t - Shout!
Orders for allies: a - Attack new target. r - Retreat! s - Stop attacking. g - Guard the area. f - Follow me.
Anything else - Cancel.
You shout for attention!
What are your orders? t - Shout!
Orders for allies: a - Attack new target. r - Retreat! s - Stop attacking. g - Guard the area. f - Follow me.
Anything else - Cancel.
You shout for attention!
You shoot a sling bullet.
The sling bullet closely misses the adder.
The adder hisses angrily.
You shoot a sling bullet.
The sling bullet barely misses the adder.
a - a +3 mace (weapon)
You sock the adder!
You kill the adder!
No target in view!
You enter the shallow water.
Moving in this stuff is going to be slow.
An orc comes into view. It is wielding a +0 club.
An orc comes into view. It is wielding a +0 trident.
The orc shouts! x2
The orc shouts! x2
The orc priest hits you with a +0 falchion!
You take 7 damage, and have 36/43 hp.
You thump the orc priest!
The orc priest is heavily wounded.
The orc priest hits you with a +0 falchion.
You take 5 damage, and have 31/43 hp.
You hit the orc priest but do no damage.
The orc priest is heavily wounded.
The orc hits you from afar with a +0 trident!
The orc priest begins to cast a cantrip, but forgets the words!
You take 6 damage, and have 25/43 hp.
You closely miss the orc priest.
The orc priest is heavily wounded.
The orc closely misses you. x2
The orc closely misses you.
You draw a card...
You have drawn the Orb.
Press: ? - help, Shift-Dir - straight line, f - orc
Aim: an orc, wielding a +0 trident Your orb of destruction hits a rock wall. x4
The wavering orb of destruction hits the orc!!
You blow up the orc!
The orc hits you from afar with a +0 trident.
The orc attacks as it pursues you!
The orc hits you from afar with a +0 trident.
You take 1 damage, and have 24/43 hp.
Your orb of destruction hits a rock wall. x2
You draw a card...
You have drawn Pain.
Press: ? - help, Shift-Dir - straight line, f - orc, p - orc
Aim: an orc, wielding a +0 morningstar The bolt of negative energy misses the orc.
The bolt of negative energy hits the orc!!
The orc is drained!
You kill the orc!
The orc hits you from afar with a +0 trident.
You take 1 damage, and have 23/43 hp.
You draw a card...
You have drawn Wild Magic.
The air around the orc crackles with energy.
The orc seems to slow down.
Sparks fly from the orc's hands.
The orc priest is struck by twisting air.
You feel a surge of magic.
The orc hits you from afar with a +0 trident.
The orc barely misses you.
You take 4 damage, and have 19/43 hp.
You closely miss the orc. The orc barely misses you.
The orc priest calls upon Beogh to heal the orc.
The orc's wounds heal themselves!
The orc barely misses you.
You sock the orc!
The orc is almost dead.
The orc barely misses you.
You hit the orc.
You kill the orc!
The orc hits you from afar with a +0 trident.
The orc priest casts a cantrip, but nothing happens.
You hit the orc priest but do no damage.
The orc priest is severely wounded.
The orc hits you but does no damage. The orc priest barely misses you.
You hit the orc priest.
The orc priest is almost dead.
The orc hits you from afar with a +0 trident!
* * * LOW HITPOINT WARNING * * *
The orc priest looks encouraged for a moment.
You take 8 damage, and have 11/43 hp.
You hit the orc priest.
You kill the orc priest!
The orc misses you.
The orc hits you from afar with a +0 trident.
* * * LOW HITPOINT WARNING * * *
You have reached level 6!
MP restored: 7 You open the door.
The orc attacks as it pursues you!
The orc hits you from afar with a +0 trident.
* * * LOW HITPOINT WARNING * * *
There is an open door here.
You take 6 damage, and have 8/49 hp.
The orc attacks as it pursues you!
The orc hits you from afar with a +0 trident!
You die...
Your body glows slightly and disappears.

,,,**,****,,.......#########
,,,,,,,,##.##......#########
,,,,,,,,+..........#########
,,,,,,,.#..........#########
,,,,,,,..........###########
,*,,,,,,,........###########
,,,,,,,,,##......###########
,*,,,,,,,+.....:.'o.>#######
,*,,,,,..###..).@###.#######*****
,,,,,,*......).###..........,,,,*
,^,,,,*.........##..########***,*
,,,.,,#.......o)##o.######## *,*
,,,..,#.#+#...).##..##....♣♣*****
,,,...#(#.#.........~~~~~~PP~~**
,,,.......#.........~~~P~~~~~~~*
....##....#...#.#...P~P~~~~~~~~**
..........###.#.#...P~~P~~≈≈≈~~~*


You could see an orc.

Vanquished Creatures
  2 orc priests (D:3)
  An orc wizard (D:3)
  4 adders
  2 ribbon worms
  3 dart slugs
  7 orcs (D:3)
  5 endoplasms
  4 giant cockroaches
  5 goblins
  4 hobgoblins
  3 jackals (D:2)
  5 kobolds
  2 quokkas
  3 ball pythons
  A bat (D:2)
  6 frilled lizards
  4 rats
61 creatures vanquished.

Notes
Turn   | Place    | Note
-------+----------+-------------------------------------------
     0 | D:5      | mdonais the Formicid Delver began the quest for the Orb.
     0 | D:5      | Reached XP level 1. HP: 18/18 MP: 1/1
    56 | D:5      | Noticed a howler monkey
   140 | D:5      | Noticed an iguana
   206 | D:3      | Noticed an orc priest
   366 | D:2      | Reached XP level 2. HP: 22/24 MP: 2/2
   603 | D:1      | Reached XP level 3. HP: 26/30 MP: 3/3
   689 | D:1      | Found a faded altar of an unknown god.
   694 | D:1      | Prayed at the altar of an unknown god.
   694 | D:1      | Became a worshipper of Nemelex Xobeh the Trickster
   694 | D:1      | Reached * piety under Nemelex Xobeh
   895 | D:1      | Received a gift from Nemelex Xobeh
  1529 | D:2      | Reached skill level 1 in Invocations
  1529 | D:2      | Reached XP level 4. HP: 27/37 MP: 4/4
  1981 | D:2      | Received a gift from Nemelex Xobeh
  2220 | D:3      | Reached ** piety under Nemelex Xobeh
  2282 | D:3      | Noticed Sigmund
  2283 | D:3      | Sigmund changed into Sigmund the ball python
  2283 | D:3      | Noticed Sigmund
  2290 | D:3      | Killed Sigmund the ball python
  2308 | D:3      | Reached XP level 5. HP: 33/43 MP: 6/6
  2658 | D:3      | Reached XP level 6. HP: 11/49 MP: 7/7
  2669 | D:3      | Slain by an orc

Illustrated notes

Levels and vault maps discovered:
D:1:      matt_arrival_refuge, layout_basic, ebering_ecumenical_altar_hall
D:2:      layout_loops_cross
D:3:      cheibrodos_thug_alley, layout_basic, serial_bayou,
          serial_bayou_crossing, serial_bayou_shore_a, serial_bayou_shore_b,
          serial_bayou_lake_a, uniq_sigmund
D:4:      layout_basic
D:5:      layout_basic

Skill      XL: |  1  2  3  4  5 |
---------------+----------------+-----
Fighting       | 4 |  4.6
Maces & Flails | 3 4 |  4.3
Invocations    | 1 2 |  2.5
Dodging        | |  1.7
Stealth        | |  6.0

Action                     |  1- 3 |  4- 6 || total
---------------------------+-------+-------++-------
  Melee: Mace              |    64 |    70 ||   134
         Punch             |     3 |       ||     3
   Fire: Sling             |    11 |    20 ||    31
 Invoke: Draw Destruction  |       |     4 ||     4
  Evoke: Wand              |     1 |       ||     1
    Use: Scroll            |     1 |       ||     1
   Stab: Sleeping          |     6 |     2 ||     8
         Distracted        |     1 |       ||     1
 Armour: Leather armour    |    32 |    44 ||    76
  Dodge: Dodged            |    32 |    41 ||    73
